AoeStats
← Blyad _Mann

Black Forest

509047521Analyzed
4v4 RM · 6d ago on Sep 25, 2026· 52m 55s· 8 players
Game mode
Random Map
Map size
Large (8 player)
Population
200
Speed
Normal
Resources
Standard
Victory
Conquest
Starting age
Dark Age
Ending age
Imperial Age
RankedLock teamsTeams togetherTeam positionsShared explorationLock speedFull tech treeHidden civsTurbo modeCheats
Victory
Defeat
🇦🇺 Franks · Australia
991
+15
🇨🇳 Turks · China
915
+18
🇮🇳 Cumans · India
914
+18
🇨🇳 Khmer · China
912
+18
🇲🇽 Bohemians · Mexico
983
-18
🇳🇱 Danes · Netherlands
977
-18
🇦🇷 Aztecs · Argentina
956
-17
🇵🇪 Portuguese · Peru
922
-16
Joy Games Interactive
0:29 Loom
13:31 Feudal Age
23:03 Castle Age
21:18 Double-Bit Axe
21:17 Horse Collar
22:38 Gold Mining
22:47 Stone Mining
23:57 Bow Saw
25:33 Heavy Plow
33:49 Fervor
35:03 Sanctity
39:31 Imperial Age
37:15 Scale Mail Armor
37:05 Fletching
37:29 Forging
38:48 Bodkin Arrow
39:44 Chain Mail Armor
40:43 Conscription
44:17 Crossbowman
45:03 Bracer
45:04 Padded Archer Armor
46:01 Redemption
46:28 Gold Shaft Mining
hlsg20002000
15:25 Feudal Age
17:11 Gold Mining
20:58 Castle Age
21:03 Double-Bit Axe
25:06 Fletching
26:14 Wheelbarrow
26:49 Pikeman
28:46 Bodkin Arrow
32:41 Forging
33:04 Stone Mining
34:12 Husbandry
38:30 Imperial Age
40:15 Chemistry
39:39 Ballistics
40:09 Iron Casting
45:37 Circumnavigation
45:50 Loom
46:21 Hand Cart
46:22 Bow Saw
46:16 Scale Mail Armor
46:27 Scale Barding Armor
Blyad _Mann
0:28 Loom
13:16 Feudal Age
14:11 Double-Bit Axe
14:09 Horse Collar
18:30 Castle Age
16:30 Stone Mining
16:34 Gold Mining
19:39 Bow Saw
24:02 Stone Mining
24:19 Arson
25:14 Heavy Plow
26:51 Wheelbarrow
28:36 Hand Cart
27:54 Man-at-Arms
28:20 Gambesons
28:35 Squires
28:21 Arson
30:17 Forging
30:07 Scale Mail Armor
29:32 Pikeman
29:35 Long Swordsman
32:59 Imperial Age
32:24 Iron Casting
32:04 Chain Mail Armor
33:32 Gold Shaft Mining
33:43 Two-Handed Swordsman
35:07 Plate Mail Armor
35:37 Blast Furnace
34:03 Halberdier
34:34 Elite Varangian Guard
36:27 Conscription
35:29 Hamask
37:05 Champion
38:41 Caravan
43:10 Onager
43:13 Elite Jomsviking
46:26 Siege Onager
47:33 Siege Engineers
SgtPepper1664
0:59 Loom
12:26 Feudal Age
13:00 Double-Bit Axe
20:10 Castle Age
18:54 Fletching
20:05 Padded Archer Armor
20:04 Horse Collar
34:43 Heavy Plow
35:00 Bow Saw
39:22 Imperial Age
37:18 Bodkin Arrow
39:06 Leather Archer Armor
40:21 Capped Ram
42:33 Conscription
42:23 Wagenburg Tactics
43:40 Elite Skirmisher
44:21 Crossbowman
46:52 Ring Archer Armor
46:36 Town Watch
49:03 Chemistry
48:24 Ballistics
49:52 Pikeman
50:32 Squires
50:18 Arson
50:47 Halberdier
51:26 Houfnice
Pets_T饕
0:40 Loom
16:05 Feudal Age
19:24 Castle Age
17:47 Double-Bit Axe
17:43 Horse Collar
19:58 Wheelbarrow
20:30 Bow Saw
20:46 Stone Mining
21:07 Fletching
21:54 Heavy Plow
24:53 Stone Shaft Mining
24:38 Town Watch
30:25 Murder Holes
34:00 Tusk Swords
36:41 Hand Cart
39:14 Bodkin Arrow
40:58 Gold Mining
44:32 Ballistics
44:22 Masonry
45:04 Gold Shaft Mining
49:50 Imperial Age
50:04 Heavy Scorpion
50:47 Town Patrol
52:35 Siege Engineers
53:36 Conscription
53:23 Double Crossbow
我血你
15:03 Feudal Age
18:56 Castle Age
17:31 Double-Bit Axe
18:26 Horse Collar
22:57 Wheelbarrow
23:04 Bow Saw
23:10 Gold Mining
25:21 Gold Shaft Mining
25:03 Heavy Plow
26:57 Hand Cart
28:29 Husbandry
28:40 Bloodlines
29:30 Stone Mining
32:02 Fletching
32:13 Padded Archer Armor
32:53 Bodkin Arrow
36:36 Imperial Age
36:18 Leather Archer Armor
37:54 Masonry
38:40 Conscription
38:54 Ring Archer Armor
38:26 Bracer
40:03 Ballistics
39:23 Elite Janissary
41:35 Caravan
44:41 Fortified Wall
45:03 Architecture
44:33 Treadmill Crane
47:21 Artillery
47:58 Scale Barding Armor
48:04 Forging
50:12 Heavy Camel Rider
51:14 Chain Barding Armor
51:30 Iron Casting
kwik
5:34 Loom
10:13 Feudal Age
11:09 Double-Bit Axe
11:07 Horse Collar
17:25 Wheelbarrow
16:36 Town Watch
25:19 Castle Age
23:14 Gold Mining
23:40 Bloodlines
23:37 Scale Barding Armor
23:42 Forging
26:36 Bow Saw
26:29 Heavy Plow
26:03 Capped Ram
27:05 Chain Barding Armor
27:21 Iron Casting
34:40 Imperial Age
34:21 Hand Cart
34:08 Town Patrol
35:04 Cavalier
36:21 Plate Barding Armor
36:46 Blast Furnace
35:15 Siege Ram
37:08 Paladin
40:24 Gold Shaft Mining
39:39 Stone Mining
42:17 Conscription
42:00 Onager
47:58 Chemistry
47:18 Ballistics
46:54 Murder Holes
46:26 Light Cavalry
51:10 Hussar
52:27 Siege Onager
War_Beast
1:11 Loom
15:03 Feudal Age
20:02 Castle Age
19:55 Double-Bit Axe
20:06 Stone Mining
22:46 Bow Saw
24:09 Wheelbarrow
26:59 Hand Cart
29:08 Gold Mining
33:45 Imperial Age
32:56 Gold Shaft Mining
32:31 Scale Mail Armor
32:42 Forging
33:36 Ordonnance Companies
35:26 Iron Casting
35:06 Chain Mail Armor
34:54 Squires
34:41 Arson
35:35 Conscription
34:36 Elite Throwing Axeman
37:29 Blast Furnace
38:27 Plate Mail Armor
41:18 Chemistry
40:39 Ballistics
40:14 Fletching
41:33 Bodkin Arrow
Connection lost

Rejoining the realm…

Still unreachable

The connection could not be restored.

Session expired

The server has moved on; the page needs a fresh start.